 Dungeon Crawl Stone Soup version 0.29-a0-1009-g60c99734e7 (webtiles) character file.

Game seed: 6865856533018832435

7261 leavemydog the Thaumaturge (level 10, -2/53 HPs)
             Began as a Deep Elf Conjurer on Aug 8, 2022.
             Was a Priest of Vehumet.
             Slain by a six-headed hydra (12 damage)
             ... on level 12 of the Dungeon.
             The game lasted 00:28:32 (12728 turns).

leavemydog the Thaumaturge (Deep Elf Conjurer)     Turns: 12728, Time: 00:28:33

Health: -2/53      AC:  7    Str: 10    XL:     10   Next: 88%
Magic:  17/28      EV: 12    Int: 31    God:    Vehumet [***...]
Gold:   564        SH:  5    Dex: 13    Spells: 16/34 levels left

rFire   . . .      SeeInvis +   k - +2 short sword "Hok Piuc" {freeze, Int+3 SInv}
rCold   . . .      Faith    .   (no shield)
rNeg    . . .      Spirit   .   (no body armour)
rPois   .          Reflect  +   (no helmet)
rElec   .          Harm     .   e - +2 cloak
rCorr   .          Rampage  .   p - +2 pair of gloves
Will    +....                   H - +0 pair of boots
Stlth   ++........              i - amulet of reflection
HPRegen 0.17/turn               o - ring of Ocaadil {Str+6 Slay+3}
MPRegen 0.21/turn               F - ring of flight

@: flying
A: no striking features
a: Renounce Religion


You were on level 12 of the Dungeon.
You worshipped Vehumet.
Vehumet was most pleased with you.
You visited 2 branches of the dungeon, and saw 13 of its levels.
You also visited: Sewer.

You collected 564 gold pieces.

Inventory:

Hand Weapons
 k - the +2 short sword "Hok Piuc" (weapon) {freeze, Int+3 SInv}
   (You took it off a kobold on level 2 of the Dungeon)

   It freezes those it strikes, dealing additional cold damage.
   It can also slow down cold-blooded creatures.
   Int:       It affects your intelligence (+3).
   SInv:      It lets you see invisible.
Missiles
 B - 2 javelins
 I - 2 poisoned darts
 J - a curare-tipped dart
Armour
 a - a +0 robe
 e - a +2 cloak (worn)
 p - a +2 pair of gloves (worn)
 H - a +0 pair of boots (worn)
 L - a +1 robe of cold resistance
Magical Staves
 M - a staff of cold
Jewellery
 i - an amulet of reflection (around neck)
 m - a ring of see invisible
 o - the ring of Ocaadil (left hand) {Str+6 Slay+3}
   (You found it on level 2 of the Dungeon)

   [ring of strength]

   Str:       It affects your strength (+6).
   Slay:      It affects your accuracy & damage with ranged weapons and melee
   (+3).
 F - a ring of flight (right hand)
Wands
 q - a wand of roots (5)
 C - a wand of mindburst (38)
 G - a wand of flame (10)
Scrolls
 h - 2 scrolls of noise {unknown}
 l - 2 scrolls of blinking {unknown}
 r - 2 scrolls of summoning {unknown}
 u - 3 scrolls of magic mapping
 x - 3 scrolls of fog {unknown}
 y - a scroll of vulnerability {unknown}
 D - a scroll of poison {unknown}
 K - a scroll of fear {unknown}
 N - 2 scrolls of amnesia {unknown}
Potions
 c - 5 potions of flight
 d - a potion of curing
 f - 2 potions of brilliance {unknown}
 g - 3 potions of resistance
 n - 3 potions of attraction
 s - a potion of ambrosia {unknown}
 t - 4 potions of haste {unknown}
 v - 2 potions of invisibility {unknown}
 w - a potion of berserk rage {unknown}
 z - 2 potions of cancellation {unknown}
 A - 2 potions of degeneration {unknown}
 E - 2 potions of mutation {unknown}


   Skills:
 * Level 2.1 Fighting
 - Level 2.4 Dodging
 - Level 2.4 Stealth
 + Level 12.5 Spellcasting
 + Level 11.1 Conjurations
 - Level 6.0 Hexes
 - Level 5.0 Translocations
 + Level 4.0 Transmutations
 - Level 3.7 Fire Magic
 - Level 2.8 Air Magic
 - Level 3.8 Poison Magic


You had 16 spell levels left.
You knew the following spells:

 Your Spells              Type           Power      Damage    Failure   Level
a - Magic Dart            Conj           100%       1d8       1%          1
b - Searing Ray           Conj           100%       2d8       1%          2
c - Iskenderun's Mystic   Conj/Tloc      62%        2d13      1%          4
d - Fulminant Prism       Conj/Hex       32%        3d16      1%          4
e - Shock                 Conj/Air       100%       1d9       1%          1
f - Mephitic Cloud        Conj/Pois/Air  54%        N/A       1%          3
g - Ignite Poison         Fire/Tmut/Pois 43%        N/A       1%          3

Your spell library contained the following spells:

 Spells                   Type           Power      Damage    Failure   Level
 Scorch                   Fire           84%        2d9       1%          2
 Beastly Appendage        Tmut           88%        N/A       1%          1
 Ensorcelled Hibernation  Hex/Ice        76%        N/A       1%          2
 Passwall                 Tmut/Erth      26%        N/A       1%          2
 Wereblood                Tmut           44%        N/A       1%          2
 Dazzling Flash           Conj/Hex       100%       N/A       1%          3
 Spider Form              Tmut/Pois      44%        N/A       1%          3
 Swiftness                Air            37%        N/A       2%          3
 Freezing Cloud           Conj/Ice/Air   24%        6-21      3%          5
 Silence                  Hex/Air        23%        N/A       11%         5
 Agony                    Necr           19%        N/A       56%         5


Dungeon Overview and Level Annotations

Branches:
Dungeon (13/15)            Temple (1/1) D:4           Sewer (visited)
   Lair: D:8-11         Orc: D:9-12      Vaults: D:13-14

Altars:
Ashenzari
Cheibriados
Dithmenos
Elyvilon
Fedhas
Gozag
Hepliaklqana
Kikubaaqudgha
Makhleb
Nemelex Xobeh
Okawaru
Qazlal
Ru
Trog
Uskayaw
Vehumet
Wu Jian
Xom
Yredelemnul
Zin
The Shining One

Shops:
D:2 [   D:6 *   D:10 [

Annotations:
D:13 2 transporters, p0werm0de's ghost, journeyman MiFi


Message History

The searing ray hits the wraith!
The wraith is heavily damaged.
The wraith barely misses you.
The searing ray hits the wraith.
The wraith is heavily damaged.
The wraith misses you.
The searing ray hits the wraith but does no damage.
The wraith is heavily damaged.
You finish channelling your searing ray.
The wraith misses you.
Okay, then.
Okay, then.
Casting: Searing Ray (safe; 1% risk of failure)
Confirm with . or Enter, or press ? or * to list all spells.
You erupt in a blast of force!
The mystic blast hits the six-headed hydra!
The six-headed hydra is lightly wounded.
The six-headed hydra is knocked back by the mystic blast.
The mystic blast hits the wraith.
The wraith is severely damaged.
The wraith is knocked back by the mystic blast.
Casting: Iskenderun's Mystic Blast (safe; 1% risk of failure)
Confirm with . or Enter, or press ? or * to list all spells.
Okay, then.
Magic courses through your body.
The magic dart hits the wraith but does no damage.
The wraith is severely damaged.
The wraith hits you!
Casting: Magic Dart (safe; 1% risk of failure)
Confirm with . or Enter, or press ? or * to list all spells.
You erupt in a blast of force!
The mystic blast hits the wraith!!
You destroy the wraith!
Vehumet accepts your kill.
You feel your power returning.
The mystic blast hits the six-headed hydra!
The six-headed hydra is moderately wounded.
The six-headed hydra bites you. x2; The six-headed hydra bites you!
* * * LOW HITPOINT WARNING * * *
The six-headed hydra bites you!
You die...

#.# #.# ##.#
##..#
########..##
#......#..#
#.......###
#..D#####
#.@## #...#
#...# ##...
##... ....
..... ..##..


You could see a six-headed hydra.

Vanquished Creatures
  Fannar (D:10)
  A two-headed ogre (D:9)
  A cyclops (D:13)
  A kobold demonologist (D:9)
  A troll (D:5)
  2 hornets (D:8)
  4 slime creatures (D:12)
  2 wyverns
  A wraith (D:12)
  An acid dragon (D:9)
  A water moccasin (D:7)
  Duvessa (D:4)
  3 sky beasts
  A black bear (D:5)
  3 orc warriors
  2 ogres
  2 centaurs
  A phantom (D:5)
  3 kobold brigands
  2 bullfrogs (Sewer)
  3 gnoll sergeants
  2 scorpions (D:5)
  Dowan (D:4)
  10 killer bees (D:10)
  2 electric eels (D:7)
  A howler monkey (D:9)
  3 jellies
  A gnoll bouda (D:7)
  5 orc priests
  An iguana (D:5)
  Natasha (thrice) (Temple)
  5 orc wizards
  Robin (D:2)
  11 adders
  19 gnolls
  6 river rats
  2 shadow imps
  A white imp (D:5)
  An ufetubus (D:5)
  6 dart slugs
  34 orcs
  4 endoplasms
  2 giant cockroaches
  19 goblins
  4 hobgoblins
  4 quokkas
  18 ball pythons
  6 bats
  5 frilled lizards
  19 kobolds
  27 rats
260 creatures vanquished.

Vanquished Creatures (others)
  A hound (D:7)
  21 fulminant prisms
  11 plants (D:5)
33 creatures vanquished.

Grand Total: 293 creatures vanquished

Notes
Turn   | Place    | Note
-------+----------+-------------------------------------------
     0 | D:1      | leavemydog the Deep Elf Conjurer began the quest for the
                  | Orb.
     0 | D:1      | Reached XP level 1. HP: 10/10 MP: 6/6
   275 | D:1      | Reached XP level 2. HP: 15/15 MP: 1/8
   278 | D:1      | Learned a level 2 spell: Searing Ray
   604 | D:1      | Reached skill level 5 in Conjurations
   972 | D:2      | Noticed Robin
  1048 | D:2      | Identified the +2 short sword "Hok Piuc" {freeze, Int+3
                  | SInv}
  1053 | D:2      | Reached XP level 3. HP: 19/19 MP: 4/9
  1264 | D:2      | Found Tinecs's Armour Shop.
  1368 | D:2      | Killed Robin
  1410 | D:2      | Reached XP level 4. HP: 24/24 MP: 2/11
  1527 | D:2      | Learned a level 4 spell: Iskenderun's Mystic Blast
  1792 | D:2      | Identified the ring of Ocaadil {Str+6 Slay+3}
  1902 | D:3      | Reached skill level 4 in Spellcasting
  2197 | D:3      | Found a hide-covered altar of Uskayaw.
  2274 | D:3      | Reached skill level 1 in Translocations
  2328 | D:3      | Learned a level 4 spell: Fulminant Prism
  2472 | D:3      | Found a glowing drain.
  2501 | Sewer    | Entered a sewer
  2562 | Sewer    | Reached XP level 5. HP: 28/28 MP: 7/13
  2864 | Sewer    | Reached skill level 1 in Hexes
  3131 | Sewer    | Reached skill level 5 in Spellcasting
  3276 | Sewer    | Reached XP level 6. HP: 27/32 MP: 8/16
  3819 | D:3      | Found a faded altar of an unknown god.
  4301 | D:4      | Found a white marble altar of Elyvilon.
  4301 | D:4      | Noticed Duvessa
  4301 | D:4      | Noticed Dowan
  4370 | D:4      | Killed Duvessa
  4371 | D:4      | Reached skill level 6 in Spellcasting
  4371 | D:4      | Reached XP level 7. HP: 26/36 MP: 12/18
  4405 | D:4      | Killed Dowan
  4509 | D:4      | Found a staircase to the Ecumenical Temple.
  4510 | D:4      | Noticed Natasha
  4515 | Temple   | Entered the Ecumenical Temple
  4516 | Temple   | Killed Natasha
  4534 | Temple   | Noticed Natasha
  4538 | Temple   | Killed Natasha
  4573 | Temple   | Noticed Natasha
  4577 | Temple   | Killed Natasha
  4629 | Temple   | Became a worshipper of Vehumet
  5109 | D:5      | Entered Level 5 of the Dungeon
  5109 | D:5      | Found an ornate altar of the Wu Jian Council.
  5277 | D:5      | Reached skill level 7 in Spellcasting
  5389 | D:5      | Reached XP level 8. HP: 14/41 MP: 9/21
  5900 | D:5      | Reached * piety under Vehumet
  5900 | D:5      | Offered knowledge of Shock by Vehumet.
  5903 | D:5      | Learned a level 1 spell: Shock
  5924 | D:5      | Reached skill level 8 in Spellcasting
  6258 | D:5      | Noticed a troll
  6273 | D:5      | Killed a troll
  6589 | D:5      | Identified the +2 plate armour of Koutid {Will+}
  7215 | D:6      | Found Podwoula's CLEARANCE SALE!.
  7219 | D:6      | Reached skill level 9 in Spellcasting
  7219 | D:6      | Reached skill level 5 in Hexes
  7713 | D:7      | Found a shimmering altar of Xom.
  8058 | D:7      | Reached XP level 9. HP: 45/45 MP: 18/24
  8117 | D:7      | Found a bloodstained altar of Trog.
  8442 | D:7      | Identified the +7 whip of Astrew {vorpal, rElec Dex+4
                  | Stlth-}
  8723 | D:7      | Learned a level 3 spell: Mephitic Cloud
  8727 | D:7      | Learned a level 3 spell: Ignite Poison
  8886 | D:7      | Found an opulent altar of Gozag.
  8919 | D:8      | Reached skill level 10 in Spellcasting
  8919 | D:8      | Reached skill level 5 in Translocations
  8919 | D:8      | Reached skill level 1 in Transmutations
  8919 | D:8      | Reached skill level 1 in Fire Magic
  8919 | D:8      | Reached skill level 1 in Poison Magic
 10220 | D:9      | Found a snail-covered altar of Cheibriados.
 10326 | D:9      | Noticed a two-headed ogre
 10339 | D:9      | Killed a two-headed ogre
 10339 | D:9      | Offered knowledge of Foxfire by Vehumet.
 10340 | D:9      | Reached skill level 11 in Spellcasting
 10340 | D:9      | Reached skill level 10 in Conjurations
 10340 | D:9      | Reached skill level 1 in Air Magic
 10340 | D:9      | Reached XP level 10. HP: 40/50 MP: 1/27
 10449 | D:9      | Reached ** piety under Vehumet
 10486 | D:9      | Noticed a boulder beetle
 10930 | D:10     | Entered Level 10 of the Dungeon
 10935 | D:10     | Found Siosch's Antique Armour Boutique.
 11147 | D:10     | Offered knowledge of Scorch by Vehumet.
 11430 | D:10     | Found a glowing golden altar of the Shining One.
 11583 | D:10     | Found a faded altar of an unknown god.
 11583 | D:10     | Found a faded altar of an unknown god.
 11591 | D:10     | Found a broken altar of Ashenzari.
 11593 | D:10     | Found a blossoming altar of Fedhas.
 11595 | D:10     | Found a bloodstained altar of Trog.
 11619 | D:10     | Noticed Fannar
 11636 | D:10     | Killed Fannar
 11637 | D:10     | Reached skill level 1 in Fighting
 12201 | D:10     | You are sucked into a shaft and drop 3 floors!
 12212 | D:13     | Noticed a flayed ghost
 12213 | D:13     | Noticed a cyclops
 12219 | D:13     | Noticed a skeletal warrior
 12221 | D:13     | Noticed p0werm0de's ghost (journeyman MiFi)
 12223 | D:13     | Killed a cyclops
 12224 | D:13     | Reached skill level 12 in Spellcasting
 12227 | D:13     | Noticed a shadow wraith
 12422 | D:13     | Found a transporter.
 12443 | D:13     | Noticed a centaur warrior
 12451 | D:13     | Found a transporter.
 12698 | D:12     | Reached *** piety under Vehumet
 12698 | D:12     | Noticed a six-headed hydra
 12728 | D:12     | Slain by a six-headed hydra

Illustrated notes

Levels and vault maps discovered:
D:1:      dpeg_arrival_long_road, layout_basic, chequers_serial_rivers_marsh,
          minmay_heptomino_o4
D:2:      layout_rooms, serial_shops, nicolae_shop_waterfront,
          chequers_serial_rivers_small_b, minmay_crystal_room, uniq_robin
D:3:      layout_basic, mainiacjoe_overflow_alcove_4, portal_sewer_entry_a,
          chequers_ecumenical_altar_lobes, minivault_24
D:4:      layout_cave_pools, mainiacjoe_overflow_24_doors,
          minmay_temple_entry_tees, kennysheep_small_circle, uniq_natasha,
          uniq_duvessa
D:5:      layout_cave_pools, mainiacjoe_overflow_concentric_impassable,
          chequers_big_river
D:6:      layout_cave_pods, nicolae_shop_clearance
D:7:      layout_loops_ring, kennysheep_little_box, nrook_pool_corridor,
          minmay_holes, hangedman_feature_mirror, st_stairs_12,
          lemuel_flamethrower_2
D:8:      layout_loops_ring, grunt_decor_cap
D:9:      layout_basic, kennysheep_slug_shrine
D:10:     layout_gridville, led_sif_book, nicolae_tso_swordbearing_angel,
          chequers_temple_overflow_minitemple, orc_0_dummy, enter_bailey_3,
          enter_trove_2, serial_shops, nicolae_shop_statue_plus, uniq_snorg,
          uniq_fannar
D:12:     layout_layer_cave
D:13:     layout_roguey, serial_shops, shop, gammafunk_ghost_mausoleum,
          uniq_erolcha
Temple:   minmay_temple_bridge_abc

Skill      XL: |  1  2  3  4  5  6  7  8  9 10 |
---------------+-------------------------------+-----
Conjurations   | 5 6 7 8 9 10 11 | 11.1
Spellcasting   | 4 5 6 7 9 11 12 | 12.5
Translocations | 1 2 3 4 5 |  5.0
Hexes          | 1 2 3 5 6 |  6.0
Transmutations | 2 4 |  4.0
Fire Magic     | 2 3 |  3.7
Poison Magic   | 2 3 |  3.8
Air Magic      | 1 2 |  2.8
Fighting       | 2 |  2.1
Dodging        | |  2.4
Stealth        | |  2.4

Action                   |  1- 3 |  4- 6 |  7- 9 | 10-12 || total
-------------------------+-------+-------+-------+-------++-------
Melee: Unarmed           |     1 |       |       |       ||     1
       Short sword       |       |     2 |     1 |       ||     3
 Cast: Magic Dart        |    64 |   157 |   186 |    39 ||   446
       Searing Ray       |       |     7 |    30 |    16 ||    53
       Fulminant Prism   |       |     1 |    10 |    10 ||    21
       Iskenderun's Myst |       |       |    13 |    18 ||    31
       Mephitic Cloud    |       |       |       |     3 ||     3
       Shock             |       |       |       |     2 ||     2
       Ignite Poison     |       |       |       |     1 ||     1
  Use: Scroll            |       |     3 |     8 |     4 ||    15
       Potion            |       |       |       |    10 ||    10
Armor: Robe              |     2 |     6 |     5 |     6 ||    19
Dodge: Dodged            |     7 |    36 |    20 |    21 ||    84
Block: Other             |       |     4 |    14 |     4 ||    22
       Reflection        |       |     1 |     4 |     1 ||     6

Table legend: (Time is in decaauts)
 A = Elapsed time spent in this place.
 B = Non-inter-level travel time spent in this place.
 C = Inter-level travel time spent in this place.
 D = Time resting spent in this place.
 E = Time spent auto-exploring this place.
 F = Levels seen in this place.
 G = Mean time per level.
                   A        B        C        D        E       F      G
               +--------+--------+--------+--------+--------+-----+--------+
         Total |  12778 |  12433 |    345 |   4214 |   6827 |  14 |  912.7 |
       Dungeon |  11567 |  11245 |    322 |   3612 |   6396 |  12 |  963.9 |
        Temple |    273 |    250 |     23 |      0 |    222 |   1 |  273.0 |
         Sewer |    937 |    937 |      0 |    602 |    208 |   1 |  937.0 |
               +--------+--------+--------+--------+--------+-----+--------+

Top non-repeatable levels by time:
     D:5: 1330 daAuts
    D:10: 1270 daAuts
     D:8: 1229 daAuts
     D:3: 1191 daAuts
     D:7: 1183 daAuts
     D:4: 1144 daAuts
     D:1: 1024 daAuts
     D:6: 1016 daAuts
   Sewer: 937 daAuts
     D:2: 844 daAuts
     D:9: 805 daAuts
    D:13: 486 daAuts
  Temple: 273 daAuts
    D:12: 39 daAuts
